Description

Relatively Standard Phoenix Colossus

Replay - Phoenix Collossus Build Order Me Doing it

Build Order

Get SALT Encoding   

  12  0:00  Probe  
  13  0:12  Probe  
  14  0:17  Pylon  
  14  0:24  Probe  
  15  0:32  Probe  
  15  0:37  Gateway  
  15  0:40  Probe  
  16  0:47  Assimilator  
  17  0:51  Probe  
  18  1:03  Probe  
  19  1:15  Probe  
  20  1:23  Cybernetics Core  
  20  1:34  Nexus  
  20  1:37  Probe  
  21  1:44  Pylon  
  21  1:49  Probe  
  21  1:52  Assimilator  
  21  1:53  Adept  
  26  2:22  Adept  
  26  2:29  Stargate  
  32  2:54  Stalker  
  32  2:57  Warp Gate  
  36  3:04  Phoenix  
  42  3:22  Pylon  
  43  3:27  Phoenix  
  46  3:37  Assimilator x2  
  48  3:52  Pylon  
  49  3:57  Phoenix  
  52  4:06  Robotics Facility  
  54  4:19  Pylon  
  54  4:22  Phoenix  
  59  4:33  Shield Battery  
  59  4:34  Nexus  
  60  4:47  Phoenix  
  62  4:53  Observer  
  62  4:55  Robotics Bay  
  62  4:59  Gateway  
  63  5:04  Observer  
  66  5:21  Twilight Council, Forge  
  68  5:27  Observer  
  71  5:36  Protoss Ground Weapons Level 1, Colossus  
  71  5:42  Extended Thermal Lance  
  81  6:01  Assimilator  
  82  6:08  Charge  
  84  6:15  Gateway x3  
  84  6:19  Colossus  
  84  6:20  Gateway  
  94  6:48  Nexus  
  94  6:54  Zealot x2  
  99  7:02  Colossus  
  99  7:14  Observer  
  108  7:16  Robotics Facility  
  108  7:18  Assimilator, Gravitic Drive  
  108  7:23  Zealot x6  
  108  7:26  Protoss Ground Weapons Level 2  
  108  7:29  Templar Archives  
  119  7:48  Warp Prism  
  119  8:02  Zealot x2  
  134  8:33  Photon Cannon  
  134  8:34  Gateway x2  
  148  8:40  Gateway x2  
  148  8:58  Disruptor x2  
  148  9:02  High Templar x4  
  164  9:07  Archon x2  
  159  9:24  Disruptor x2  
  170  9:53  High Templar x6  
  170  9:58  Archon x3  
Spawning Tool Build Advisor. Get it on Overwolf

Go to:

Details

  • Created by: Kakashi11
  • Published on: Dec 30, 2024
  • Modified on: Dec 30, 2024
  • Patch: 5.0.11
  • Difficulty: Hard
Show
View Real Time Build Order
Export as new Build Order

Comments (0)

There are no comments. Be the first!

Create an account to comment!